Dins, neutral female human Valkyrie | -- .| .--- ..| ...|....---- .---- -.....*....G....ZG| --.G....S........- |.S.S...S........| |@SS...........- |.h........d..-- --........h...- .S............. S.--........h...- .- ..------ .... . .- ..- .. --- Dins the Skirmisher Experience level: 4 Strength: 18/01 Dexterity: 12 Constitution: 18 Intelligence: 7 Wisdom: 11 Charisma: 8 Health: 0(41) Energy: 9(9) Def: 7 Gold: 484 Moves: 2415 Dungeon seed: jTLwLODmf3KV8Tzh Game ID: Dins_1559639942 Your Inventory: Coins $ - 484 gold pieces Weapons a - 4 +2 spears (wielded) b - 4 +0 daggers named Dagger of Redress i - a blessed +2 knife named Knife of Justice o - 13 +0 arrows p - a +0 bow t - a +0 dagger E - a cursed -1 battle-axe Armor e - an uncursed +3 small shield (being worn) n - an uncursed +0 leather armor r - an uncursed +0 orcish ring mail (being worn) y - an uncursed +0 orcish helm (being worn) z - an uncursed +0 dwarvish cloak I - an uncursed +0 dwarvish cloak J - a blessed +2 dwarvish iron helm K - an uncursed +0 pair of iron shoes N - an uncursed +0 pair of iron shoes O - an uncursed +0 dwarvish cloak P - an uncursed +0 dwarvish iron helm Q - a blessed +1 dwarvish roundshield R - an uncursed +0 pair of iron shoes T - a blessed +3 dwarvish cloak U - an uncursed +0 dwarvish iron helm V - an uncursed +0 pair of iron shoes Y - an uncursed +0 pair of high boots Comestibles x - an uncursed Cola Scrolls j - an uncursed scroll of scare monster Potions g - an uncursed potion of water Wands c - a wand of cold (0:6) l - a wand of striking (0:5) s - a wand of teleportation (0:5) Tools f - an uncursed oil lamp (lit) (0:721) k - an uncursed lock pick m - an uncursed wax candle (0:400) w - an uncursed tin whistle C - an uncursed tooled horn H - an uncursed wooden harp Gems q - an uncursed worthless piece of yellow glass u - an uncursed worthless piece of red glass B - 2 uncursed flints D - an uncursed opal G - an uncursed garnet Spells and supernatural/magical abilities: Name Level Category Fail Memory W - pray for help -- divine ? -- Your skills at the end: Miscellaneous Skills shield [Basic] wands [Basic] stealth [Basic] Weapon Skills dagger [Basic] spear [Basic] Spellcasting Skills Final Attributes: You were devoutly aligned. You were cold resistant. You could fly. You are dead. Vanquished creatures: a dwarf lord 2 gnome lords 3 dwarves a jitterbug a wererat a hobbit 2 hobgoblins a giant rat a cave spider 2 yellow molds 8 gnomes 3 garter snakes 3 manes 3 jackals 2 kobolds 4 newts 4 goblins 4 sewer rats 2 grid bugs 4 lichens a kobold zombie 53 creatures vanquished. Voluntary challenges: You did not adorn yourself with jewelry or accessories. You did not cause conflict. You were not invisible. You did not have reflection. You were not displaced. You were an atheist. You used a wielded weapon 27 times, starting on turn 623. You did not use containers. You did not apply a unicorn horn. You did not use plumbed fixtures. You did not drink any magical draughts. You were illiterate. You never genocided any monsters. You never polymorphed an object. You never changed form. You used no wishes. You never split a pudding. You never wrote Elbereth's name. You never violated your personal moral code. Dungeon overview: The Dungeons of Doom: levels 1 to 5 Level 1 (Vault) a long staircase Level 2 a potion shop, a sink Level 3 some fountains Level 4 a fountain stairs to The Gnomish Mines Level 5 The Gnomish Mines: levels 5 to 7 Level 5 stairs to The Dungeons of Doom Level 6 Level 7 <- You were here History has recorded: On T:1 you entered the Dungeons of Doom to retrieve the Amulet of Yendor! On T:47 you reached level 2 of The Dungeons of Doom. On T:555 you reached level 3 of The Dungeons of Doom. On T:672 you reached level 4 of The Dungeons of Doom. On T:1129 you reached level 1 of The Gnomish Mines. On T:1166 you reached level 5 of The Dungeons of Doom. On T:1464 you advanced to experience level 2. On T:1467 you advanced to experience level 3. On T:1667 you advanced to experience level 4. On T:1858 you reached level 2 of The Gnomish Mines. On T:2411 you reached level 3 of The Gnomish Mines. Score breakdown: Gold: 484 ( 48 points) Experience: 4 levels ( 300 points) Exploration: 7 levels ( 180 points) Discoveries: 1 item ( 50 points) Variety of kills: 21 monsters ( 1050 points) Major goal: (nothing yet) ( 0 points) Survival: died (score multiplied by 3) Total score: 4884 Latest messages: The garter snake misses. You kill the garter snake! (2x) The garter snake bites! (2x) You kill the garter snake! The garter snake bites! (2x) The master mind flayer punches you! The master mind flayer's tentacles suck you! Your helmet blocks the attack to your head. The master mind flayer's tentacles suck you! Your helmet blocks the attack to your head. The master mind flayer's tentacles suck you! Your helmet blocks the attack to your head. The master mind flayer's tentacles suck you! Your helmet blocks the attack to your head. The master mind flayer's tentacles suck you! Your helmet blocks the attack to your head. The master mind flayer punches you! The master mind flayer's tentacles suck you! Your helmet blocks the attack to your head. The master mind flayer's tentacles suck you! Your helmet blocks the attack to your head. The master mind flayer's tentacles suck you! Your brain is eaten! You feel stupid! The master mind flayer's tentacles suck you! You die... Final status: Farvel Dins the Valkyrie, killed by a master mind flayer... You died in The Gnomish Mines on dungeon level 7 with 4884 points, and 484 pieces of gold, after 2415 moves. You were level 4 with a maximum of 41 hit points when you died.